 Dungeon Crawl Stone Soup version 0.29.1-15-g9cfb28693d (webtiles) character file.

Game seed: 13126248199927596617

30 hawla the Firebug (level 3, 0/26 HPs)
             Began as a Meteoran Fire Elementalist on Mar 5, 2023.
             Slain by a gnoll
             ... wielding a +0 spear
              (7 damage)
             ... on level 1 of the Dungeon.
             The game lasted 00:02:35 (247 turns).

hawla the Firebug (Meteoran Fire Elementalist)       Turns: 247, Time: 00:02:36

Health: 0/26       AC:  2    Str:  7 (9)  XL:     3   Next: 58%
Magic:  2/8        EV: 12    Int: 15 (18) God:
Gold:   8          SH:  0    Dex: 14 (15) Spells: 7/8 levels left

rFire   . . .      SeeInvis .   (no weapon)
rCold   . . .      Faith    .   (no shield)
rNeg    . . .      Spirit   .   a - +0 robe
rPois   .          Reflect  .   (no helmet)
rElec   .          Harm     .   (no cloak)
rCorr   .          Rampage  .   (no gloves)
Will    .....                   (no boots)
Stlth   +.........              (no amulet)
HPRegen 0.08/turn               (no ring)
MPRegen 0.11/turn               (no ring)

@: glowing
A: sense surroundings 1, otherworldly, glowing, explore regen
a: no special abilities


You were on level 1 of the Dungeon.
You visited 1 branch of the dungeon, and saw 2 of its levels.

You collected 8 gold pieces.

Inventory:

Armour
 a - a +0 robe (worn)
Jewellery
 g - a ring of fire
Scrolls
 e - a scroll of enchant armour {unknown}
Potions
 b - a potion of magic
 c - a potion of degeneration
 d - a potion of curing {unknown}
 h - a potion of ambrosia {unknown}


   Skills:
 + Level 2.8 Dodging
 - Level 1.4 Stealth
 + Level 3.1 Spellcasting
 + Level 1.6 Conjurations
 + Level 4.5 Fire Magic


You had 7 spell levels left.
You knew the following spells:

 Your Spells              Type           Power      Damage    Failure   Level
a - Foxfire               Conj/Fire      44%        2x1d6     5%          1

Your spell library contained the following spells:

 Spells                   Type           Power      Damage    Failure   Level
 Scorch                   Fire           30%        2d6       4%          2
 Conjure Flame            Conj/Fire      11%        6-21      17%         3
 Inner Flame              Hex/Fire       9%         N/A       24%         3
 Flame Wave               Conj/Fire      11%        2d6       50%         4


Dungeon Overview and Level Annotations

Branches:
Dungeon (2/15) Zot: 951

Altars:


Innate Abilities, Weirdness & Mutations

You passively map a small area around you.
You are easily found by Zot.
You glow in the dark.
You regain HP and MP as you explore.


Message History

You conjure some foxfire!
The gnoll hits you with a +0 club.
You hit the gnoll.
You kill the gnoll!
Your Spellcasting skill increases to level 3!
Your foxfire dissipates! x2
An endoplasm comes into view.
e - a scroll labelled MIGICS USESH A rat comes into view.
Casting: Foxfire (safe; 4% risk of failure)
Confirm with . or Enter, or press ? or * to list all spells.
You conjure some foxfire!
Casting: Foxfire (safe; 4% risk of failure)
Confirm with . or Enter, or press ? or * to list all spells.
You conjure some foxfire!
The foxfire hits the rat.
The rat is heavily wounded.
The foxfire hits the rat.
You kill the rat!
The endoplasm quivers.
Casting: Foxfire (safe; 4% risk of failure)
Confirm with . or Enter, or press ? or * to list all spells.
You conjure some foxfire!
Casting: Foxfire (safe; 4% risk of failure)
Confirm with . or Enter, or press ? or * to list all spells.
You conjure some foxfire!
The foxfire hits the endoplasm.
The endoplasm is severely wounded.
The foxfire hits the endoplasm.
You kill the endoplasm!
Your foxfire dissipates!
There is a stone staircase leading down, spattered with blood here.
You climb downwards.
The gnoll misses you. The gnoll hits you with a +0 club.
There is a stone staircase leading up here.
The gnoll hits you with a +0 spear. The gnoll hits you with a +0 club.
* * * LOW HITPOINT WARNING * * *
You climb upwards.
There is a stone staircase leading down, spattered with blood here.
It was a potion of degeneration.
There was something very wrong with that liquid.
You feel weakened.
You feel dopey.
You feel clumsy. The gnoll hits you with a +0 spear!
You die...

~~, #........ ,, ,, #.##.###.
, #........ , * ,
#≈≈PP~.#...##### * ,
#.~~P~P+...# * ,, #<.≈P~.#...#
*, +..~~~.#...# ...≈~~#.g.# ,
♣.<.≈≈#..@# * , ♣....≈#.g.#
♣<...≈#...### , , * ,,
♣♣...≈#.....# , ,*
♣♣..~#...#.# * .#####'######.#
# ###
#..............##########.#..
*,
,#####...................#.#..
, ,
............................


You could see 2 gnolls.

Vanquished Creatures
  2 gnolls
  A ball python (D:1)
  3 endoplasms (D:1)
  A giant cockroach (D:1)
  A hobgoblin (D:2)
  A quokka (D:1)
  A rat (D:1)
10 creatures vanquished.

Vanquished Creatures (others)
  39 foxfires
39 creatures vanquished.

Grand Total: 49 creatures vanquished

Notes
Turn   | Place    | Note
-------+----------+-------------------------------------------
     0 | D:1      | hawla the Meteoran Fire Elementalist began the quest for
                  | the Orb.
     0 | D:1      | Reached XP level 1. HP: 14/14 MP: 5/5
    82 | D:1      | Reached XP level 2. HP: 17/20 MP: 1/6
   145 | D:1      | Reached skill level 4 in Fire Magic
   208 | D:2      | Reached XP level 3. HP: 26/26 MP: 5/8
   247 | D:1      | Slain by a gnoll

Illustrated notes

Levels and vault maps discovered:
D:1:      tarquinn_simple_flora_water_c, layout_basic,
          dreamdust_ecumenical_altar_grove, feat_on_display
D:2:      layout_basic, minmay_diced_spiral

Skill      XL: |  1  2  3 |
---------------+----------+-----
Fire Magic     | 4 |  4.5
Spellcasting   | 3 |  3.1
Dodging        | |  2.8
Stealth        | |  1.4
Conjurations   | |  1.6

Action                   || total
-------------------------++-------
Melee: Unarmed           ||     9
 Cast: Foxfire           ||    21
  Use: Scroll            ||     3
       Potion            ||     1
Dodge: Dodged            ||     9
